Map: Abyssal Reef LE

Players

YngFuture (Future)

  • Race: Terran Terran
  • League: Grandmaster
  • Spawn Location: 5:00

Railgan - Winner!

  • Race: Zerg Zerg
  • League: Grandmaster
  • Spawn Location: 11:00

VOD

Have the link to the VOD?

Description

Time

  • Played on: March 14, 2017, 9:30 p.m.
  • Length: 18:50
Show
View Real Time Build Order
Export as new Build Order

YngFuture Terran 

Build Orders: Reaper Expand, MMM Bio 

Get SALT Encoding   

  12  0:00  SCV  
  13  0:12  SCV  
  14  0:17  Supply Depot  
  14  0:24  SCV  
  15  0:38  SCV  
  15  0:40  Barracks  
  16  0:44  Refinery  
  16  0:50  SCV  
  17  1:03  SCV  
  18  1:15  SCV  
  19  1:27  Reaper, Orbital Command  
  20  1:41  Command Center  
  20  1:53  SCV  
  21  1:55  Supply Depot  
  21  2:01  Marine  
  22  2:05  SCV  
  23  2:11  Factory  
  23  2:17  SCV  
  23  2:20  Barracks Reactor  
  24  2:29  SCV  
  24  2:41  SCV  
  25  2:53  Orbital Command, Command Center  
  25  2:55  SCV  
  26  3:04  Barracks Tech Lab  
  26  3:06  Hellion  
  26  3:08  Hellion  
  26  3:11  SCV  
  31  3:23  SCV x2  
  33  3:27  Hellion  
  33  3:30  Hellion  
  37  3:34  Stimpack  
  37  3:35  SCV x2  
  37  3:36  Marine  
  40  3:47  SCV  
  40  3:48  SCV  
  41  3:59  SCV  
  41  4:00  SCV  
  41  4:02  Barracks, Factory Reactor  
  43  4:04  Marine  
  43  4:05  Barracks, Orbital Command  
  44  4:11  SCV  
  44  4:12  Refinery, SCV  
  44  4:13  Refinery  
  46  4:23  SCV  
  47  4:25  Engineering Bay x2, SCV  
  49  4:31  SCV  
  49  4:35  SCV  
  49  4:37  SCV  
  51  4:43  SCV  
  52  4:47  SCV  
  52  4:48  Supply Depot  
  52  4:49  Supply Depot, SCV  
  52  4:50  Supply Depot  
  54  4:53  Marine  
  54  4:54  Marine  
  54  4:55  SCV  
  54  4:59  SCV  
  58  5:00  Starport, Terran Infantry Weapons Level 1  
  58  5:04  Terran Infantry Armor Level 1  
  58  5:06  SCV  
  59  5:07  SCV  
  59  5:08  Marine  
  59  5:11  Factory Reactor  
  59  5:21  SCV  
  59  5:22  Marine x3  
  59  5:24  SCV  
  63  5:29  Marine x2  
  63  5:32  Orbital Command  
  63  5:33  SCV  
  65  5:36  Barracks  
  65  5:37  Barracks, Supply Depot  
  65  5:40  Refinery  
  65  5:42  Marine x3  
  68  5:45  Combat Shields  
  68  5:48  SCV  
  69  5:51  Marine  
  69  5:52  Marine  
  71  5:58  SCV  
  71  5:59  Armory  
  71  6:02  SCV x2  
  71  6:03  Marine  
  75  6:05  Factory Tech Lab  
  75  6:08  Medivac  
  77  6:11  Medivac  
  77  6:13  SCV  
  77  6:14  SCV  
  77  6:17  SCV  
  82  6:20  Marine  
  82  6:21  Marine  
  82  6:22  Marine  
  82  6:24  Marine  
  82  6:25  Barracks Reactor, SCV  
  85  6:31  SCV  
  86  6:35  Barracks Reactor  
  86  6:38  Medivac, Supply Depot  
  88  6:40  Supply Depot x2, SCV  
  88  6:41  Bunker, SCV  
  88  6:43  SCV  
  91  6:48  Marine  
  91  6:49  Supply Depot  
  91  6:51  Marine  
  93  6:58  Terran Infantry Weapons Level 2  
  93  6:59  Marine, Terran Infantry Armor Level 2  
  93  7:00  Siege Tank, SCV x2, Marine  
  100  7:03  SCV  
  100  7:08  Marine  
  94  7:12  SCV  
  94  7:14  Marine  
  94  7:15  Marine x5  
  97  7:16  Medivac  
  97  7:17  Marine  
  97  7:18  SCV x2  
  101  7:25  Marine  
  101  7:26  Marine, SCV  
  99  7:32  Marine  
  99  7:33  Marine x3  
  99  7:34  Marine  
  99  7:35  Marine  
  98  7:37  Marine  
  98  7:42  Marine  
  98  7:43  Marine  
  102  7:48  Siege Tank  
  102  7:50  Marine x4, Supply Depot  
  106  7:52  Marine x2  
  106  7:53  SCV  
  106  7:55  Marine  
  103  8:00  Marine  
  103  8:01  Marine  
  96  8:08  Marine x4  
  96  8:10  Marine x2  
  96  8:12  Medivac x2  
  106  8:13  Marine  
  106  8:18  Marine  
  106  8:19  Marine  
  108  8:26  Marine x4  
  114  8:30  Marine x2  
  114  8:32  Missile Turret x3  
  114  8:33  Marine  
  117  8:34  Siege Tank  
  117  8:36  SCV x3  
  121  8:44  Supply Depot x2  
  121  8:48  SCV x2  
  118  8:53  Marine  
  118  8:54  Marine x5  
  117  8:56  Marine  
  117  8:57  Marine  
  117  9:01  Marine  
  120  9:08  Supply Depot, SCV x2  
  122  9:11  Marine x2  
  122  9:19  Marine  
  122  9:22  Missile Turret  
  123  9:25  Terran Infantry Weapons Level 3  
  123  9:26  Marine x3, Terran Infantry Armor Level 3  
  123  9:27  Marine  
  123  9:29  Siege Tank  
  123  9:31  SCV  
  131  9:32  Marine x2  
  131  9:35  Medivac  
  135  9:40  Marine x3  
  138  9:51  Barracks  
  138  9:54  Barracks  
  138  9:55  Liberator  
  138  9:59  Medivac  
  140  10:08  Marine x4  
  140  10:10  Marine  
  140  10:11  Marine x4, Liberator, Siege Tank  
  139  10:26  Marine x2  
  124  10:31  Marine  
  124  10:33  Marine x2  
  124  10:34  Marine x2  
  128  10:36  Refinery, Starport  
  128  10:37  Refinery  
  128  10:38  Liberator  
  128  10:44  Marine  
  128  10:45  Marine x2, Barracks Tech Lab  
  128  10:46  Barracks Tech Lab  
  131  10:54  Marine, Liberator  
  131  10:55  Marine  
  136  10:57  Marine x4  
  136  10:59  Siege Tank  
  136  11:02  Liberator  
  136  11:03  Supply Depot x2  
  143  11:05  Marine x2  
  143  11:06  Marine  
  146  11:11  Supply Depot  
  146  11:15  Supply Depot  
  146  11:16  Marine x3  
  152  11:22  Liberator  
  152  11:25  Supply Depot  
  155  11:27  Marine  
  155  11:28  Marine  
  157  11:37  Liberator  
  159  11:45  Marine, Marauder x3  
  166  11:50  Siege Tank  
  160  11:56  Orbital Command  
  160  11:57  Marine x3  
  166  12:05  Marine  
  166  12:06  Marine x4, Marauder x2  
  175  12:12  Marauder  
  175  12:13  SCV x2  
  175  12:15  Marine x2  
  181  12:17  Liberator  
  181  12:33  Marine x3  
  181  12:34  Marauder  
  181  12:35  Liberator  
  189  12:41  Liberator  
  172  13:00  Marine, Liberator  
  172  13:01  Marine x3, Marauder  
  177  13:06  Marine x5, Marauder  
  177  13:08  Refinery  
  177  13:10  Refinery  
  184  13:18  Marine, Liberator  
  184  13:19  Marine x2  
  187  13:22  Marine, Marauder  
  187  13:23  Marine  
  187  13:24  Marine x3, Marauder  
  174  13:27  Marauder, Liberator  
  173  13:34  SCV  
  173  13:35  SCV x2  
  173  13:36  Marine x3  
  173  13:40  Marine  
  180  13:41  Marine  
  180  13:42  Liberator  
  183  13:50  Marine  
  183  13:51  Marine x3  
  183  13:53  SCV x2  
  183  13:54  SCV  
  183  14:01  Liberator  
  186  14:05  SCV  
  168  14:18  Marine x2  
  168  14:19  Marine x6  
  168  14:24  Marine x2, Marauder  
  164  14:25  Siege Tank  
  171  14:32  Medivac  
  171  14:36  Marine x2  
  175  14:42  Medivac  
  175  14:45  Marine x7, Marauder  
  185  14:49  Marine  
  179  14:54  Marine  
  176  15:01  Medivac  
  176  15:03  Medivac  
  180  15:08  Marine  
  180  15:10  Marine x2, Marauder  
  180  15:11  Marauder x2  
  180  15:12  Medivac  
  191  15:29  Command Center  
  191  15:31  Medivac, Marine, Siege Tank  
  197  16:05  Orbital Command  
  197  16:06  Liberator  
  197  16:07  Liberator  
  197  16:12  Marine x3  
  197  16:13  Medivac  
  197  16:14  Marine x2  
  197  16:15  Marine x2  
  197  16:17  Marauder  
  197  16:21  Marauder  
  195  16:25  Siege Tank  
  195  16:26  Liberator  
  173  16:48  Liberator  
  167  17:07  Medivac  
  172  17:09  Liberator  
  173  17:32  Marine x6, Marauder  
  173  17:34  Marine  
  182  17:37  Medivac  
  182  17:43  Missile Turret  
  184  17:45  Marine  
  181  17:59  Medivac  
  130  18:16  Marine x4, Marauder  
  136  18:27  Marine x3  
  136  18:28  Marine  
Show
View Real Time Build Order
Export as new Build Order

Railgan Zerg - Winner!

Build Orders: Pool First 

Get SALT Encoding   

  12  0:01  Drone  
  13  0:12  Overlord  
  13  0:18  Drone  
  14  0:31  Drone x2  
  16  0:35  Drone  
  17  0:48  Drone  
  18  0:51  Spawning Pool  
  17  0:57  Drone  
  18  1:14  Hatchery  
  18  1:15  Extractor  
  16  1:18  Drone  
  16  1:21  Drone  
  18  1:28  Drone  
  19  1:38  Queen  
  19  1:39  Zergling x2  
  22  1:50  Overlord  
  22  2:10  Drone  
  22  2:12  Drone  
  22  2:13  Queen  
  26  2:16  Metabolic Boost  
  26  2:23  Drone  
  26  2:27  Drone  
  26  2:29  Queen  
  30  2:38  Drone  
  30  2:39  Drone  
  30  2:44  Overlord  
  32  2:46  Drone x2  
  32  2:47  Drone  
  32  2:48  Drone  
  36  2:56  Lair  
  36  3:10  Drone x2  
  36  3:11  Drone  
  39  3:15  Evolution Chamber, Drone  
  39  3:20  Overlord  
  39  3:21  Drone  
  39  3:26  Extractor  
  39  3:28  Drone x3  
  39  3:32  Drone x2  
  44  3:42  Zergling x4  
  44  3:43  Drone x2  
  44  3:47  Drone  
  48  3:54  Overlord  
  48  4:02  Infestation Pit  
  47  4:04  Extractor, Drone  
  47  4:05  Extractor, Drone x2  
  47  4:09  Overseer  
  48  4:11  Drone x2  
  48  4:15  Zergling x2  
  48  4:16  Zergling x2  
  52  4:18  Zergling x2  
  52  4:19  Zergling x4  
  52  4:20  Queen  
  52  4:23  Hatchery  
  56  4:26  Overlord  
  56  4:28  Queen  
  58  4:47  Drone, Pathogen Glands  
  58  4:48  Drone  
  58  4:49  Drone x3  
  62  4:54  Drone  
  62  4:56  Zerg Ground Armor Level 1  
  62  4:57  Drone  
  62  4:59  Evolution Chamber  
  63  5:07  Overlord  
  62  5:22  Infestor x2  
  61  5:29  Zergling x10  
  61  5:30  Drone  
  61  5:32  Zerg Melee Weapons Level 1  
  67  5:36  Burrow  
  67  5:37  Drone  
  67  5:38  Drone x3  
  67  5:42  Drone x2  
  73  5:46  Drone  
  73  5:48  Overlord  
  74  5:55  Infestor  
  76  6:00  Drone x2  
  76  6:01  Overlord  
  76  6:02  Extractor  
  76  6:03  Extractor  
  76  6:08  Zergling x2  
  76  6:09  Zergling x12  
  76  6:10  Hatchery  
  82  6:16  Infestor x2  
  86  6:18  Drone x2  
  88  6:27  Zergling x2  
  88  6:28  Zergling x4  
  88  6:30  Drone  
  92  6:33  Drone  
  92  6:37  Drone  
  94  6:41  Zergling x2  
  94  6:42  Overlord x2, Zergling x6  
  94  6:43  Overlord x2  
  98  6:48  Hive  
  98  6:57  Overlord  
  98  6:58  Overlord  
  97  7:07  Zergling x2  
  97  7:08  Zergling x6  
  98  7:15  Zergling x8  
  97  7:19  Zergling x18  
  97  7:21  Drone  
  101  7:27  Zergling x2  
  98  7:35  Zergling x2  
  98  7:36  Zergling x2  
  100  7:39  Zergling x2  
  100  7:43  Drone x2  
  101  7:45  Zergling x6  
  101  7:50  Zergling x2  
  101  7:51  Zergling x10  
  110  7:56  Zergling x2  
  110  7:57  Zergling x4  
  110  8:03  Zergling x6  
  101  8:06  Adrenal Glands  
  101  8:07  Ultralisk Cavern  
  101  8:10  Zergling x10  
  102  8:14  Zerg Ground Armor Level 2, Drone, Zerg Melee Weapons Level 2  
  102  8:18  Infestor  
  102  8:19  Infestor x4  
  109  8:28  Drone x2  
  109  8:29  Drone x2  
  113  8:35  Zergling x10  
  113  8:38  Drone x2  
  120  8:45  Hatchery  
  99  9:03  Zergling x18  
  99  9:05  Ultralisk  
  99  9:06  Chitinous Plating  
  114  9:14  Infestor x2  
  115  9:26  Zergling x2  
  115  9:27  Drone x6  
  121  9:33  Ultralisk x2  
  121  9:35  Zergling x2  
  121  9:36  Zergling x6  
  137  9:41  Drone x3  
  137  9:45  Spire  
  139  9:53  Neural Parasite  
  139  9:54  Overlord x2  
  139  9:57  Ultralisk  
  139  9:59  Zergling x6  
  131  10:11  Ultralisk  
  131  10:13  Zergling x2  
  124  10:20  Ultralisk  
  124  10:21  Zergling x10  
  133  10:32  Ultralisk  
  133  10:33  Zergling x16  
  147  10:45  Zerg Melee Weapons Level 3  
  147  10:46  Drone x3  
  147  10:49  Extractor x2  
  148  11:00  Corruptor x3  
  148  11:02  Extractor  
  153  11:05  Extractor, Drone x4  
  153  11:10  Drone  
  157  11:12  Drone x3  
  157  11:13  Drone x3  
  157  11:16  Corruptor  
  157  11:17  Overlord  
  165  11:19  Overlord  
  165  11:22  Overlord  
  165  11:25  Zerg Ground Armor Level 3  
  165  11:28  Zerg Flyer Weapons Level 1  
  156  11:43  Drone  
  156  11:44  Drone x3  
  156  11:45  Corruptor  
  156  11:46  Corruptor  
  164  11:47  Corruptor, Zergling x8  
  170  11:57  Pneumatized Carapace  
  170  11:58  Overseer x2  
  170  11:59  Infestor  
  172  12:06  Zergling x2  
  172  12:23  Corruptor x6  
  172  12:24  Corruptor  
  185  12:42  Zergling x2  
  185  12:43  Overlord, Zergling x6  
  189  12:52  Overlord  
  186  12:59  Corruptor x2  
  186  13:01  Overlord x2  
  186  13:03  Overlord  
  189  13:06  Overlord  
  189  13:12  Spine Crawler, Spore Crawler  
  187  13:13  Spine Crawler  
  187  13:19  Hatchery  
  181  13:24  Ultralisk x6  
  181  13:26  Zergling x10  
  181  13:31  Infestor x2  
  181  13:33  Zergling x2  
  181  13:34  Zergling x4  
  172  13:45  Ultralisk  
  173  13:48  Zergling x2  
  173  13:50  Drone  
  173  13:51  Drone x8  
  182  14:01  Ultralisk  
  156  14:19  Ultralisk, Zergling x2  
  156  14:21  Zergling x2  
  156  14:23  Ultralisk  
  136  14:32  Ultralisk  
  136  14:33  Ultralisk  
  149  14:38  Zergling x2  
  149  14:44  Infestor x2  
  153  14:51  Ultralisk  
  159  14:56  Zergling x4  
  159  14:57  Zergling x10  
  165  15:00  Drone x6  
  165  15:08  Infestor x4  
  173  15:15  Zergling x4  
  175  15:29  Hatchery  
  175  15:32  Ultralisk  
  179  15:35  Corruptor  
  179  15:36  Corruptor  
  179  15:39  Corruptor  
  185  15:49  Greater Spire  
  185  15:51  Corruptor x3  
  191  15:58  Corruptor  
  193  16:16  Corruptor x2  
  197  16:20  Zergling x4  
  194  16:36  Zergling x2  
  194  16:37  Zergling x14  
  187  16:47  Corruptor  
  187  16:48  Corruptor x2  
  187  16:49  Zergling x4  
  187  16:50  Zergling x4  
  187  16:52  Zergling x4  
  193  17:01  Zergling x6  
  193  17:02  Zergling x2  
  193  17:08  Corruptor  
  197  17:12  Zergling x2  
  197  17:15  Hatchery  
  194  17:24  Overlord  
  194  17:38  Brood Lord x2  
  194  17:42  Hatchery  
  197  17:47  Zergling x2  
  197  17:48  Zergling x4  
  189  18:04  Zergling x2  
  185  18:24  Brood Lord x3  
  185  18:25  Brood Lord  
Tags
 
Add a new tag
Caveats
  • Supply blocks, unpowered buildings, or Contaminate may cause inaccurate times.
  • Supply counts are checked every 10 seconds.